Match 47062733
Unlisted

Match 47062733
End
Construct Infanterie Kompanie
Selects Italian Coastal Battlegroup
Selects Italian Coastal Battlegroup
Selects Coastal Reserves
Coastal Reserve
Coastal Reserve
MG 42 Bunker
Selects Artillery Officer
Artillery Officer
GrW 34 Mortar Team
MG 42 Bunker
Construct Luftwaffe Kompanie
MG 42 Bunker
GrW 34 Mortar Team
221 Scout Car
Coastal Reserve
Selects Support Bunkers
Infanterie Officer Quarters
MG 42 Bunker
Support Elements
Selects Designated Artillery Overwatch
Medical Bunker
Wirbelwind Flakpanzer
Selects Bulwark
Construct Panzer Kompanie
Coastal Reserve
Designated Artillery Overwatch
Coastal Reserve
Panzer IV Medium Tank
Selects Obice da 210/22 Artillery Emplacement
Pioneer Squad
Wirbelwind Flakpanzer
Panzer IV Medium Tank
Coastal Reserve
Stoßtruppen Squad
Marder III M Tank Destroyer
Morcrabanen
Slick
art_hik99
yvesbeef
Krawall Karle
Mowgli01
raptor1287
SubZero
0
0

Comments sign in to comment!

No comments posted yet!